Map: Dynasty LE

Players

jeannysu - Winner!

  • Race: Zerg Zerg
  • Spawn Location: 1:00

인공지능 칸 (정예)

  • Race: Protoss Protoss
  • Spawn Location: 7:00

VOD

Have the link to the VOD?

Description

Time

  • Played on: Sept. 30, 2025, 10:38 a.m.
  • Length: 13:23
Show
View Real Time Build Order
Export as new Build Order

jeannysu Zerg - Winner!

Build Orders: Hatch First 

Get SALT Encoding   

  12  0:00  Drone  
  13  0:08  Drone  
  13  0:13  Extractor  
  13  0:16  Drone  
  15  0:23  Overlord  
  15  0:48  Drone  
  15  0:49  Hatchery  
  15  0:55  Drone x2  
  17  1:09  Extractor  
  16  1:13  Spawning Pool  
  16  1:15  Drone  
  16  1:19  Drone  
  16  1:23  Drone  
  18  1:34  Drone  
  19  1:53  Drone  
  19  1:54  Drone, Hatchery  
  20  2:02  Queen  
  20  2:05  Drone  
  23  2:20  Queen  
  23  2:21  Drone  
  26  2:27  Overlord  
  26  2:35  Drone x2  
  28  2:41  Metabolic Boost  
  28  2:50  Drone x2  
  30  2:52  Drone x2  
  30  2:55  Overlord  
  32  3:04  Queen  
  34  3:08  Drone  
  35  3:13  Drone x2  
  35  3:17  Drone x2, Queen  
  35  3:19  Drone  
  42  3:27  Drone  
  42  3:28  Drone x2  
  42  3:31  Drone  
  42  3:32  Drone  
  42  3:33  Drone x3  
  50  3:43  Overlord x2  
  50  3:52  Extractor  
  50  3:54  Zergling x2  
  50  4:01  Queen  
  50  4:02  Drone  
  53  4:03  Drone  
  54  4:10  Drone x2, Lair  
  54  4:11  Drone  
  54  4:15  Extractor  
  56  4:22  Drone, Overlord  
  56  4:23  Drone x4  
  61  4:25  Drone x2  
  63  4:32  Drone x2  
  65  4:38  Roach Warren  
  65  4:39  Evolution Chamber  
  65  4:40  Evolution Chamber  
  62  4:47  Baneling Nest  
  62  4:49  Overlord  
  61  4:53  Drone  
  61  4:54  Drone  
  63  5:07  Queen  
  63  5:12  Overseer  
  65  5:22  Drone x5  
  65  5:23  Drone  
  65  5:25  Extractor  
  65  5:26  Zerg Ground Armor Level 1, Zerg Missile Weapons Level 1  
  70  5:33  Roach  
  70  5:34  Roach x5  
  82  5:38  Overlord x2  
  82  5:39  Overlord x2  
  82  5:55  Extractor  
  81  6:06  Roach  
  81  6:07  Roach x9  
  81  6:09  Hatchery  
  100  6:15  Hatchery  
  99  6:27  Infestation Pit  
  99  6:31  Ravager x5  
  103  6:32  Overlord  
  103  6:33  Overlord x4  
  103  6:39  Overseer  
  103  6:40  Drone x3  
  103  6:41  Drone  
  103  6:42  Centrifugal Hooks  
  103  6:43  Zergling x2  
  103  6:44  Zergling x4  
  110  7:03  Hive  
  110  7:04  Pneumatized Carapace  
  110  7:19  Roach  
  110  7:20  Roach x10  
  110  7:21  Roach  
  134  7:24  Drone x3  
  134  7:25  Drone x5  
  134  7:28  Queen  
  145  7:30  Drone x3  
  147  7:38  Zerg Missile Weapons Level 2  
  147  7:39  Glial Reconstitution  
  147  8:02  Drone  
  147  8:03  Drone x5  
  153  8:07  Drone  
  153  8:10  Extractor  
  153  8:12  Extractor  
  152  8:19  Roach x3  
  158  8:22  Overlord x4  
  158  8:40  Overlord x2  
  158  8:45  Overlord  
  158  8:46  Extractor  
  158  8:47  Overlord, Extractor  
  156  8:48  Infestor  
  156  8:49  Infestor x3  
  156  8:53  Roach x4  
  156  8:54  Roach x9  
  190  8:58  Ravager x2  
  190  8:59  Overlord x3  
  190  9:00  Ravager  
  193  9:03  Ravager  
  194  9:16  Hatchery  
  170  9:26  Roach x9  
  170  9:27  Roach x7  
  183  9:52  Roach x6  
  199  9:53  Roach x2  
  187  10:18  Zerg Ground Armor Level 2, Zerg Missile Weapons Level 3  
  187  10:22  Ultralisk Cavern  
  187  10:23  Drone  
  187  10:24  Drone x2  
  185  10:47  Overseer x4  
  177  11:03  Burrow  
  177  11:10  Ultralisk x3  
  195  11:20  Chitinous Plating  
  193  12:21  Hatchery  
  192  12:39  Anabolic Synthesis  
  198  12:44  Ultralisk  
  198  13:02  Overseer x4  
Show
View Real Time Build Order
Export as new Build Order

인공지능 칸 (정예) Protoss 

Build Orders: Zealot Archon 

Get SALT Encoding   

  12  0:00  Probe  
  13  0:13  Probe  
  14  0:20  Pylon  
  14  0:25  Probe  
  15  0:34  Probe  
  15  0:42  Probe  
  16  0:47  Assimilator  
  17  0:51  Gateway  
  17  0:52  Probe  
  18  1:00  Pylon, Probe  
  18  1:08  Probe  
  20  1:18  Probe  
  21  1:30  Probe  
  22  1:38  Zealot  
  22  1:39  Cybernetics Core  
  24  1:43  Probe  
  25  1:57  Nexus  
  25  2:10  Gateway, Zealot  
  25  2:16  Warp Gate  
  25  2:17  Pylon  
  25  2:22  Probe  
  28  2:34  Probe  
  28  2:35  Assimilator  
  29  2:41  Adept  
  31  2:46  Probe  
  31  2:51  Adept  
  32  2:58  Probe  
  35  3:01  Pylon  
  35  3:10  Probe  
  35  3:11  Adept  
  35  3:12  Probe  
  39  3:16  Sentry  
  39  3:25  Gateway  
  39  3:26  Probe  
  42  3:28  Probe  
  43  3:38  Probe  
  43  3:39  Adept  
  43  3:40  Probe  
  47  3:45  Adept  
  49  3:50  Probe  
  49  3:52  Probe  
  51  4:03  Probe  
  51  4:04  Probe  
  53  4:10  Pylon  
  53  4:15  Probe  
  53  4:16  Probe  
  55  4:17  Adept  
  55  4:19  Adept  
  55  4:21  Pylon, Stalker  
  61  4:27  Probe  
  61  4:28  Probe  
  63  4:37  Stalker  
  65  4:38  Stalker  
  65  4:39  Probe  
  65  4:40  Probe, Twilight Council  
  69  4:48  Pylon  
  69  4:49  Stalker  
  69  4:51  Probe  
  72  4:53  Probe  
  73  5:00  Stalker  
  73  5:02  Stalker  
  73  5:03  Probe  
  73  5:06  Probe  
  79  5:12  Pylon  
  79  5:15  Probe  
  79  5:19  Templar Archives  
  79  5:20  Assimilator  
  80  5:24  Assimilator  
  80  5:30  Zealot  
  80  5:34  Pylon  
  82  5:43  Probe x2  
  84  5:54  Forge  
  84  5:55  Probe, Stalker  
  84  5:56  Probe  
  88  5:57  Forge, High Templar x2  
  88  5:59  Pylon, Nexus  
  92  6:07  Probe  
  93  6:11  Archon  
  93  6:19  Sentry  
  93  6:21  Pylon  
  95  6:27  High Templar  
  95  6:30  Stalker  
  99  6:38  High Templar  
  101  6:52  Pylon  
  101  6:57  Pylon  
  101  7:02  Photon Cannon  
  101  7:05  Archon, High Templar  
  103  7:11  Probe x3  
  103  7:12  Photon Cannon  
  103  7:13  High Templar  
  108  7:20  Assimilator  
  108  7:22  Gateway  
  108  7:23  Probe x2, Assimilator  
  108  7:24  Probe, Robotics Facility  
  108  7:28  Archon  
  111  7:30  High Templar  
  111  7:32  Photon Cannon  
  111  7:35  Probe x2  
  111  7:36  Probe  
  116  7:43  Pylon  
  116  7:44  High Templar  
  118  7:47  Probe  
  118  7:48  Probe  
  118  7:49  Probe  
  118  7:50  Protoss Ground Weapons Level 1  
  121  7:52  Zealot  
  123  7:59  Probe  
  123  8:00  Probe  
  123  8:01  Probe, Archon  
  123  8:02  High Templar  
  123  8:03  Photon Cannon  
  128  8:06  Pylon  
  128  8:11  Probe  
  128  8:12  Probe  
  130  8:13  Protoss Ground Armor Level 1, High Templar, Warp Prism  
  134  8:22  Archon  
  134  8:27  Stalker  
  136  8:29  Gateway, Stalker  
  136  8:32  Photon Cannon, Nexus  
  138  8:34  Photon Cannon  
  138  8:35  Stalker  
  140  8:42  Stalker  
  140  8:46  Pylon  
  142  8:48  Sentry  
  142  8:49  Observer  
  145  8:58  Blink  
  145  9:00  Stalker  
  147  9:03  Stalker  
  147  9:06  Immortal  
  147  9:08  Photon Cannon  
  153  9:11  Pylon  
  153  9:14  Zealot x2  
  157  9:23  Zealot  
  157  9:24  Zealot  
  153  9:26  Zealot  
  147  9:31  Pylon  
  147  9:33  High Templar  
  147  9:34  Zealot  
  147  9:37  Immortal  
  117  9:43  High Templar  
  117  9:44  Zealot  
  99  9:46  Stalker  
  99  9:50  Archon  
  93  9:55  Assimilator, Zealot  
  93  9:57  Zealot  
  95  10:00  Assimilator  
  95  10:04  High Templar  
  95  10:08  Sentry  
  95  10:09  Sentry, Adept  
  95  10:13  Probe  
  83  10:15  Probe, Stalker, Zealot  
  83  10:17  Zealot  
  93  10:29  Zealot  
  93  10:32  Zealot  
  96  10:35  Zealot  
  96  10:36  Probe  
  96  10:37  Probe, High Templar  
  96  10:38  High Templar  
  95  10:43  Probe  
  95  10:44  Sentry  
  95  10:48  Probe  
  89  10:52  Zealot  
  83  10:57  Probe  
  83  11:00  Pylon  
  73  11:06  Robotics Facility  
  73  11:09  High Templar  
  73  11:10  Stalker  
  75  11:11  Probe  
  75  11:12  Zealot  
  75  11:13  Pylon  
  75  11:15  Probe  
  61  11:19  Pylon  
  61  11:23  Probe  
  54  11:27  Nexus  
  54  11:32  Assimilator, Zealot  
  47  11:33  Sentry  
  46  11:41  Zealot  
  46  11:45  Probe  
  47  11:48  Stalker  
  47  11:50  Assimilator  
  47  11:52  Probe  
  47  11:54  Immortal, Stalker  
  54  12:01  Templar Archives  
  56  12:02  Nexus  
  56  12:03  Probe  
  56  12:05  Probe  
  54  12:26  Assimilator  
  33  12:39  Gateway  
  33  12:48  Nexus  
Tags
 
Composition
Zealot Archon
Matchup
PvZ
Replay Pack
새 폴더
Spawn Locations
Cross Positions
Add a new tag
Caveats
  • Supply blocks, unpowered buildings, or Contaminate may cause inaccurate times.
  • Supply counts are checked every 10 seconds.